 Dungeon Crawl Stone Soup version 0.30.1-9-gdf580d7c3d (webtiles) character file.

Game seed: 17971034662281150181

504 lonewolfV2 the Covered (level 7, -3/54 HPs)
             Began as a Formicid Fighter on Oct 12, 2023.
             Killed by divine providence
             ... invoked by an orc priest
              (12 damage)
             ... on level 4 of the Dungeon.
             The game lasted 00:03:32 (2852 turns).

lonewolfV2 the Covered (Formicid Fighter)           Turns: 2852, Time: 00:03:33

Health: -3/54      AC:  7    Str: 20    XL:     7   Next: 41%
Magic:  7/7        EV:  9    Int:  8    God:
Gold:   197        SH:  6    Dex: 15    Spells: 6/6 levels left

rFire   . . .        a - +0 war axe (spect)
rCold   . . .        c - +1 buckler
rNeg    . . .        b - +0 scale mail
rPois   .            (helmet unavailable)
rElec   .            (no cloak)
rCorr   .            (no gloves)
SInv    +            (no boots)
Will    .....        (no amulet)
Stlth   +            g - ring of flight
HPRegen 0.29/turn    (no ring)
MPRegen 0.10/turn

%: no passive effects
@: flying
A: permanent stasis, dig shafts and tunnels, antennae 3, four strong arms
a: Dig, Shaft Self


You were on level 4 of the Dungeon.
You visited 1 branch of the dungeon, and saw 4 of its levels.

You collected 197 gold pieces.

Inventory:

Hand Weapons
 a - a +0 spectral war axe (weapon)
Armour
 b - a +0 scale mail (worn)
 c - a +1 buckler (worn)
Jewellery
 g - a ring of flight (left hand)
Wands
 i - a wand of polymorph (6)
 k - a wand of roots (7)
Scrolls
 s - a scroll of enchant armour
Potions
 e - 3 potions of lignification
 f - a potion of ambrosia {unknown}
 h - a potion of magic {unknown}
 j - a potion of heal wounds {unknown}
 l - 2 potions of attraction {unknown}
 m - 3 potions of curing {unknown}
 p - a potion of brilliance {unknown}
 q - a potion of flight {unknown}
 r - 2 potions of haste {unknown}


   Skills:
 + Level 4.3 Fighting
 + Level 4.4 Axes
 + Level 6.0 Armour
 + Level 0.8 Dodging
 + Level 1.5 Stealth
 + Level 4.9 Shields
 + Level 0.3 Unarmed Combat


You had 6 spell levels left.
You didn't know any spells.
Your spell library contained the following spells:

 Spells                   Type           Power      Damage    Failure   Level
 Necrotise                Necr           0%         1d4       80%         1
 Ice Form                 Ice/Tmut       0%         N/A       100%        4
 Haunt                    Necr/Summ      0%         N/A       100%        7
 Necromutation            Tmut/Necr      0%         N/A       100%        8


Dungeon Overview and Level Annotations

Branches:
Dungeon (4/15)
 Temple: D:4-7

Altars:

Shops:
D:3 !


Innate Abilities, Weirdness & Mutations

You cannot be hasted, slowed, berserked, paralysed or teleported.
You can dig through walls and to a lower floor.
You have a pair of large antennae on your head. (SInv)
Your four strong arms can wield two-handed weapons with a shield.


Message History

The orc is heavily wounded.
The orc priest begins to cast a cantrip, but forgets the words!
The orc hits you but does no damage. You block the orc's attack.
You slash the orc!
You kill the orc!
An orc comes into view. It is wielding a +0 short sword.
The orc priest looks satisfied for a moment.
The gnoll hits you from afar with a +1 vampiric spear.
The orc priest miscasts a cantrip.
Items here: ( ))))) [ ††.
Unknown command.
You slash the orc priest!
The orc priest is almost dead.
You block the gnoll's attack.
The orc priest mumbles some strange prayers to Beogh against you.
Beogh smites you!
You hit the orc priest.
The orc priest is almost dead.
The gnoll hits you from afar with a +1 vampiric spear.
The orc priest begins to cast a cantrip, but forgets the words!
Unknown command.
You slash the orc priest!
You kill the orc priest!
You block the gnoll's attack. x2
The orc priest looks satisfied for a moment.
Your Armour skill increases to level 6!
The gnoll hits you with a +1 vampiric spear.
You see here a +2 heavy hand axe.
You slash the gnoll!
The gnoll is almost dead.
The gnoll hits you with a +1 vampiric spear.
* * * LOW HITPOINT WARNING * * *
The gnoll draws strength from your wounds!
You slash the gnoll!
You kill the gnoll!
You hit the gnoll but do no damage. The gnoll hits you with a +0 whip.
* * * LOW HITPOINT WARNING * * *
The orc priest mumbles some strange prayers to Beogh against you.
Beogh smites you!
You die...

............#.##.........#
#.............##.#########
####........####.#
####........# #.#
...#........# #.#
...#........# #.#
...#........# #.#
...########## #)# ...# #@#
...# #g# ...#


oo# ...# ...# ...# ..... ...# ...... #### ....... #........ You could see an orc
priest, a gnoll and an orc.

Vanquished Creatures
  An ogre (D:4)
  A scorpion (D:4)
  2 orc priests (D:4)
  Natasha (thrice) (D:2)
  An iguana (D:4)
  An orc wizard (D:4)
  Robin (D:2)
  2 gnolls (D:4)
  9 adders
  2 dart slugs (D:3)
  5 orcs (D:4)
  5 endoplasms
  A giant cockroach (D:4)
  13 goblins
  10 hobgoblins
  2 jackals (D:2)
  4 kobolds
  A quokka (D:1)
  7 ball pythons
  3 bats (D:1)
  2 frilled lizards
  5 rats
81 creatures vanquished.

Notes
Turn   | Place    | Note
-------+----------+-------------------------------------------
     0 | D:1      | lonewolfV2 the Formicid Fighter began the quest for the
                  | Orb.
     0 | D:1      | Reached XP level 1. HP: 18/18 MP: 1/1
   101 | D:1      | Reached XP level 2. HP: 12/24 MP: 2/2
   430 | D:1      | Reached XP level 3. HP: 29/29 MP: 3/3
   567 | D:1      | Found a faded altar of an unknown god.
   680 | D:2      | Noticed Robin
   688 | D:2      | Killed Robin
   689 | D:2      | Reached XP level 4. HP: 37/37 MP: 4/4
   739 | D:2      | Noticed Natasha
   744 | D:2      | Reached skill level 4 in Armour
   750 | D:2      | Killed Natasha
   758 | D:2      | Reached XP level 5. HP: 42/42 MP: 5/5
  1152 | D:2      | Noticed Natasha
  1161 | D:2      | Killed Natasha
  1405 | D:2      | Reached skill level 5 in Armour
  1713 | D:2      | Noticed Natasha
  1727 | D:2      | Killed Natasha
  1823 | D:3      | Found Abualyug's Distillery.
  1842 | D:3      | Reached XP level 6. HP: 48/48 MP: 6/6
  1922 | D:3      | Got the Reference Book on Postmortem Teratogeny
  2365 | D:4      | Reached skill level 1 in Stealth
  2376 | D:4      | Identified the staff of fire "Seopuenu" {rF+ rN+++ MP+9
                  | Int-3 Dex-4 Stlth+}
  2404 | D:4      | Noticed an ogre
  2411 | D:4      | Killed an ogre
  2430 | D:4      | Reached XP level 7. HP: 12/54 MP: 7/7
  2849 | D:4      | Reached skill level 6 in Armour
  2852 | D:4      | Killed from afar by an orc priest

Illustrated notes

Levels and vault maps discovered:
D:1:      kennysheep_arrival_forest, layout_rooms,
          dilly_ecumenical_altar_fadedgnrine
D:2:      layout_basic, uniq_robin, uniq_natasha
D:3:      wander_river, layout_rooms, serial_shops, nicolae_shop_stone,
          minmay_misc_feat_room
D:4:      layout_basic, mainiacjoe_overflow_24_doors,
          kennysheep_decorative_pillar, minmay_misc_feat_more_columns,
          uniq_crazy_yiuf_cottage

Skill      XL: |  1  2  3  4  5  6  7 |
---------------+----------------------+-----
Axes           | 3 4 |  4.4
Armour         | 4 5 6 |  6.0
Fighting       | 4 |  4.3
Stealth        | 1 |  1.5
Dodging        | |  0.8
Shields        | |  4.9
Unarmed Combat | |  0.3

Action                     |  1- 3 |  4- 6 |  7- 9 || total
---------------------------+-------+-------+-------++-------
  Melee: War axe           |    63 |    55 |    25 ||   143
         Unarmed           |       |     5 |       ||     5
    Use: Scroll            |     3 |     2 |       ||     5
         Potion            |       |     1 |       ||     1
   Stab: Confused          |       |     1 |       ||     1
 Armour: Scale mail        |    47 |    14 |     5 ||    66
         Skin              |       |    25 |       ||    25
  Dodge: Dodged            |    41 |    10 |     3 ||    54
  Block: Buckler           |    18 |    15 |     9 ||    42
